 Dungeon Crawl Stone Soup version 0.23.2-33-g5129a83184 (webtiles) character file.

Game seed: 7954575054171925633

926 Acheron the Chopper (level 8, -8/48 HPs)
             Began as a Gargoyle Abyssal Knight on July 28, 2019.
             Was an Elder of Lugonu.
             Mangled by an ogre
             ... wielding a +0 giant club
              (12 damage)
             ... on level 5 of the Dungeon.
             The game lasted 00:23:04 (4578 turns).

Acheron the Chopper (Gargoyle Abyssal Knight)       Turns: 4578, Time: 00:23:12

Health: -8/48      AC: 14    Str: 16    XL:     8   Next: 10%
Magic:  11/11      EV: 11    Int: 13    God:    Lugonu [****..]
Gold:   255        SH:  0    Dex: 11    Spells: 11/11 levels left

rFire    + . .     SeeInvis .   w - +0 war axe
rCold    . . .     Gourm    .   (no shield)
rNeg     + . .     Faith    .   b - +1 ring mail {rF+}
rPois    ∞         Spirit   .   p - +0 helmet
rElec    +         Reflect  .   (no cloak)
rCorr    .         Harm     .   m - +0 pair of gloves
MR       .....                  (no boots)
Stlth    +.........             (no amulet)
HPRegen  0.16/turn              (no ring)
MPRegen  0.12/turn              (no ring)

@: no status effects
A: negative energy resistance 1, electricity resistance, unbreathing,
petrification resistance, rot immunity, AC +5
a: Depart the Abyss, Bend Space, Banish, Corrupt, Renounce Religion


You were on level 5 of the Dungeon.
You worshipped Lugonu.
Lugonu was greatly pleased with you.
You were not hungry.

You visited 2 branches of the dungeon, and saw 7 of its levels.
You visited the Abyss 1 time.

You collected 255 gold pieces.

Inventory:

Hand Weapons
 a - a +1 hand axe
 e - a +0 spear
 i - a +0 dagger of venom
 w - a +0 war axe (weapon)
 y - a +0 hunting sling
Missiles
 k - 147 stones (quivered)
 q - 81 sling bullets
Armour
 b - a +1 ring mail of fire resistance (worn)
 m - a +0 pair of gloves (worn)
 p - a +0 helmet (worn)
Jewellery
 x - an uncursed ring of poison resistance {unknown}
Wands
 h - a wand of iceblast (8)
 u - a wand of enslavement (2)
 v - a wand of random effects (16)
Scrolls
 f - 4 scrolls of amnesia
 r - 2 scrolls of remove curse
 t - a scroll of teleportation {unknown}
Potions
 d - a potion of flight {unknown}
 g - a potion of lignification {unknown}
 j - 2 potions of curing {unknown}
 l - a potion of haste {unknown}
 n - a potion of brilliance
 z - a potion of agility
Comestibles
 c - 6 rations
 s - 3 chunks of flesh


   Skills:
 * Level 4.7 Fighting
 * Level 5.0 Axes
 * Level 0.8 Throwing
 * Level 4.0 Armour
 * Level 2.3 Dodging
 * Level 3.0 Stealth
 * Level 2.4 Spellcasting
 * Level 3.2 Invocations
 * Level 0.7 Evocations


You had 11 spell levels left.
You didn't know any spells.
Your spell library contained the following spells:

 Spells                   Type           Power        Failure   Level  Hunger
 Animate Skeleton         Necr           N/A          41%         1    #......
 Apportation              Tloc           #.....       41%         1    #......
 Beastly Appendage        Tmut           #.....       41%         1    #......
 Confusing Touch          Hex            #.....       41%         1    #......
 Summon Small Mammal      Summ           #...         41%         1    #......
 Sticks to Snakes         Tmut           #.......     54%         2    ###....
 Spider Form              Tmut/Pois      #.........   78%         3    ###....
 Ice Form                 Ice/Tmut       #.......     99%         4    #####..
 Blade Hands              Tmut           #.........   100%        5    ######.


Dungeon Overview and Level Annotations

Branches:
Dungeon (6/15)             Temple (1/1) D:6

Altars:
Ashenzari
Cheibriados
Fedhas
Gozag
Hepliaklqana
Kikubaaqudgha
Makhleb
Nemelex Xobeh
Okawaru
Qazlal
Ru
Sif Muna
Uskayaw
Vehumet
Wu Jian
Xom
Yredelemnul
Zin
The Shining One

Shops:
D:5 *

Annotations:
D:2 exclusion: downstairs


Innate Abilities, Weirdness & Mutations

You are resistant to torment.
Your stone body is resilient. (AC +5)
You are immune to poison.
You resist negative energy. (rN+)
You are resistant to electric shocks. (rElec)
You can survive without breathing.
You are immune to petrification.
You are immune to rotting.


Message History

You barely miss the ogre.
The ogre is severely wounded.
The ogre hits you with a +0 giant club.
* * * LOW HITPOINT WARNING * * *
The ogre hits you with a +0 giant club.
* * * LOW HITPOINT WARNING * * *
You feel much better. The ogre hits you with a +0 giant club!
You hit the ogre.
The ogre is almost dead.
The ogre hits you but does no damage. The ogre closely misses you.
You barely miss the ogre.
The ogre is almost dead.
The ogre barely misses you.
Your ring mail prevents you from hitting the ogre.
The ogre is almost dead.
The ogre is no longer moving quickly.
The ogre hits you with a +0 giant club!!
* * * LOW HITPOINT WARNING * * *
The ogre hits you with a +0 giant club!
You die...

###.## # #.......#
#....# .....#..<..# ###
#.##......#.#.###)..####
#.# ..# .......
#..........###.#
####.....#
####...........#
...#.....# #.#....PPP..#
(#.#...### #
#....#..∩P..# ...#....
#.#.#......P..# .......Z
#..@#.........# .####...
###.O.....#.### ## ?.
###.......# #......###
#......# #......+
#......# ########


You could see an ogre.

Vanquished Creatures
  A phantom (D:4)
  A centaur (D:5)
  A water moccasin skeleton (D:5)
  2 hounds
  2 orc wizards
  6 worker ants
  Ijyb (D:3)
  Natasha (D:3)
  2 iguanas (D:4)
  A killer bee zombie (D:6)
  A hound skeleton (D:4)
  Robin (D:3)
  8 gnolls
  5 adders
  An ooze (D:3)
  An adder skeleton (D:4)
  3 worms
  5 dart slugs
  5 leopard geckos
  15 orcs
  4 ball pythons
  5 giant cockroaches
  15 goblins
  6 hobgoblins
  3 quokkas
  9 bats
  6 frilled lizards
  A leopard gecko skeleton (D:4)
  5 rats
117 creatures vanquished.

Vanquished Creatures (collateral kills)
  A phantom (D:5)
1 creature vanquished.

Grand Total: 118 creatures vanquished

Notes
Turn   | Place    | Note
-------+----------+-------------------------------------------
     0 | Abyss:1  | Acheron the Gargoyle Abyssal Knight began the quest for the
                  | Orb.
     0 | Abyss:1  | Reached XP level 1. HP: 14/14 MP: 2/2
    18 | D:1      | Escaped the Abyss
   127 | D:1      | Reached XP level 2. HP: 17/19 MP: 3/3
   164 | D:1      | Reached skill level 1 in Dodging
   214 | D:1      | Reached skill level 2 in Axes
   228 | D:1      | Reached XP level 3. HP: 21/24 MP: 4/4
   390 | D:1      | Reached ** piety under Lugonu
   599 | D:2      | Reached skill level 1 in Stealth
   622 | D:2      | Found a blossoming altar of Fedhas.
   763 | D:3      | Noticed Natasha
   842 | D:2      | Reached XP level 4. HP: 29/29 MP: 5/5
  1239 | D:3      | Found a shattered altar of Ashenzari.
  1266 | D:3      | Noticed Robin
  1277 | D:5      | Entered Level 5 of the Dungeon
  1326 | D:5      | Found a blossoming altar of Fedhas.
  1456 | D:6      | Reached XP level 5. HP: 24/33 MP: 6/6
  1587 | D:6      | Found a staircase to the Ecumenical Temple.
  1592 | D:6      | Noticed an orc warrior
  1606 | Temple   | Entered the Ecumenical Temple
  1806 | D:5      | Noticed a centaur
  1818 | D:5      | Killed a centaur
  1818 | D:5      | Reached skill level 3 in Axes
  1818 | D:5      | Reached XP level 6. HP: 30/38 MP: 6/8
  1910 | D:5      | Noticed a phantom
  1919 | D:4      | Reached skill level 1 in Spellcasting
  2206 | D:4      | Reached *** piety under Lugonu
  2368 | D:5      | Found Fouma's Assorted Antiques.
  2384 | D:5      | Reached XP level 7. HP: 27/44 MP: 8/10
  2624 | D:4      | Reached skill level 4 in Axes
  2852 | D:4      | Found a deep blue altar of Sif Muna.
  2852 | D:4      | Found a sacrificial altar of Ru.
  2903 | D:3      | Found a stormy altar of Qazlal.
  2966 | D:3      | Noticed Ijyb
  2980 | D:3      | Killed Ijyb
  3419 | D:3      | Killed Robin
  3567 | D:3      | Reached **** piety under Lugonu
  3593 | D:3      | Found a basalt altar of Yredelemnul.
  3633 | D:3      | Killed Natasha
  4275 | D:4      | Reached XP level 8. HP: 47/48 MP: 11/11
  4552 | D:5      | Reached skill level 5 in Axes
  4578 | D:5      | Mangled by an ogre

Skill      XL: |  1  2  3  4  5  6  7  8 |
---------------+-------------------------+-----
Dodging        | 1 2 |  2.3
Axes           | 2 3 4 5 |  5.0
Stealth        | 1 2 3 |  3.0
Fighting       | 4 |  4.7
Armour         | 3 4 |  4.0
Spellcasting   | 2 |  2.4
Invocations    | 3 |  3.2
Throwing       | |  0.8
Evocations     | |  0.7

Action                   |  1- 3 |  4- 6 |  7- 9 || total
-------------------------+-------+-------+-------++-------
Melee: Hand axe          |    97 |    37 |       ||   134
       War axe           |       |   170 |   210 ||   380
Throw: Stone             |       |     3 |       ||     3
Evoke: Wand              |       |       |     4 ||     4
  Use: Potion            |     1 |     1 |     1 ||     3
       Scroll            |       |     4 |       ||     4
 Stab: Sleeping          |     1 |       |     3 ||     4
  Eat: Chunk             |       |     5 |     4 ||     9
       Ration            |       |       |     1 ||     1
Armor: Leather armour    |    28 |       |       ||    28
       Ring mail         |    34 |   131 |   131 ||   296
       Scale mail        |       |    28 |       ||    28
Dodge: Dodged            |    69 |   130 |   142 ||   341
